 Dungeon Crawl Stone Soup version 0.17-a0-1778-gd369669 (webtiles) character file.

1922 4thArraOfDagon the Basher (level 9, -7/92 HPs)
             Began as an Ogre Chaos Knight on Sept 8, 2015.
             Mangled by an octopode (shapeshifter) (17 damage)
             ... on level 9 of the Dungeon.
             The game lasted 00:19:41 (2923 turns).

4thArraOfDagon the Basher (Ogre Chaos Knight)       Turns: 2923, Time: 00:19:41

Health: -7/92      AC:  7    Str: 17    XL:     9   Next: 17%
Magic:  23/23      EV: 11    Int: 14    God:    Xom [.*....]
Gold:   67         SH:  0    Dex: 11    Spells: 1 memorised, 12 levels left

rFire  + . .     SeeInvis .     a - +1 mace (chaos)
rCold  . . .     Clarity  .     v - +2 robe
rNeg   . . .     SustAt   .     (no shield)
rPois  .         Gourm    .     h - +2 hat
rElec  .         Spirit   .     (no cloak)
rCorr  .         Warding  .     (gloves unavailable)
rMut   .         Stasis   .     (boots unavailable)
MR     .....                    (no amulet)
Stlth  +.........               o - ring of protection from fire
                                s - ring of magical power

@: not resistant to hostile enchantments, very unstealthy
A: unfitting armour, talons 1, agile 1, tough skin 1, weak 1
a: Renounce Religion


You were on level 9 of the Dungeon.
You worshipped Xom.
You were a plaything of Xom.
You were not hungry.

You visited 1 branch of the dungeon, and saw 9 of its levels.

You collected 297 gold pieces.
You spent 230 gold pieces at shops.

Inventory:

Hand weapons
 a - a +1 mace of chaos (weapon)
 y - a +0 giant spiked club of flaming
Armour
 h - a +2 hat (worn)
 v - a +2 robe (worn)
Jewellery
 o - a ring of protection from fire (right hand)
 s - a ring of magical power (left hand)
Magical devices
 g - a wand of lightning (1)
 i - a wand of flame (17)
 q - a wand of paralysis (0)
 z - a wand of lightning (3)
Scrolls
 b - a scroll of magic mapping
 d - 2 scrolls of identify
 m - 2 scrolls of remove curse
Books
 e - a book of Beasts

   Spells                             Type                      Level
   a - Summon Butterflies             Summoning                    1
   b - Call Canine Familiar           Summoning                    3
   c - Summon Ice Beast               Ice/Summoning                4
   d - Summon Mana Viper              Hexes/Summoning              5
   e - Summon Hydra                   Summoning                    7
 k - a book of Flames

   Spells                             Type                      Level
   a - Flame Tongue                   Conjuration/Fire             1
   b - Throw Flame                    Conjuration/Fire             2
   c - Conjure Flame                  Conjuration/Fire             3
   d - Inner Flame                    Hexes/Fire                   3
   e - Sticky Flame                   Conjuration/Fire             4
   f - Fireball                       Conjuration/Fire             5
Comestibles
 c - 6 bread rations
 f - a royal jelly
 n - a meat ration


   Skills:
 + Level 6.6 Fighting
 * Level 8.5 Maces & Flails
 + Level 4.4 Dodging
 + Level 3.8 Spellcasting
 * Level 3.8 Conjurations
 * Level 3.5 Fire Magic


You had 12 spell levels left.
You knew the following spells:

 Your Spells              Type           Power        Failure   Level  Hunger
a - Conjure Flame         Conj/Fire      ##......     14%         3    ###....


Dungeon Overview and Level Annotations

Branches:
Dungeon (9/15)             Temple (0/1) D:7
   Lair: D:8-11         Orc: D:9-12

Altars:
Ashenzari
Dithmenos
Elyvilon
Fedhas
Makhleb
Sif Muna
The Shining One

Shops:
D:4 [**[(


Innate Abilities, Weirdness & Mutations

You are too large for most types of armour.
You have tough skin (AC +1).
You have sharp toenails.
You are agile. (Dex +2)
You are weak. (Str -2)


Message History

Evoke which item? (* to show all) (? for menu, Esc to quit)
Zapping:
g - a wand of lightning {zapped: 4} (will waste charges)
Press: ? - help, Shift-Dir - straight line You hear a mighty clap of thunder!
The bolt of lightning hits the orc warrior.
The orc warrior is severely wounded.
Evoking this partially-identified wand wasted a few charges.
The octopode closely misses you.
An orc comes into view. It is wielding a club.
Unknown command.
Evoke which item? (* to show all) (? for menu, Esc to quit)
Zapping:
g - a wand of lightning {zapped: 6} (will waste charges)
Press: ? - help, Shift-Dir - straight line You hear a mighty clap of thunder!
The bolt of lightning hits the orc warrior.
You kill the orc warrior!
Evoking this partially-identified wand wasted a few charges.
The octopode tentacle-slaps you!
You die...
Xom chortles!

##### ####
#... ..# #.#
#.# ..#
#.########
..#
#.o.Topx.#
..#
#..#####@#
..# #..# #)#
#.#######p.#
#.#
#.)..T..T.o#
#.#
###..###...#
#.# #T.#
#..o# #.#
#.$# #S..#
#.# #..#
#<..# #o#
#).# #...#


You could see an octopode, a troll, a human, an orc warrior and 2 orcs.

Vanquished Creatures
  The ghost of DEFE the Firebug, an experienced DgFE (D:7)
  2 hippogriffs
  A human (D:9)
  2 orc warriors
  2 centaurs
  2 ogres
  A sky beast (D:8)
  A scorpion (D:8)
  An iguana (D:4)
  A hound (D:8)
  A jelly (D:8)
  2 orc priests (D:9)
  2 orc wizards (D:8)
  2 worker ants
  A hound zombie (D:8)
  2 hound skeletons
  4 adders
  An adder zombie (D:5)
  2 giant geckos
  11 orcs
  A ball python (D:3)
  6 bats
  A giant cockroach (D:5)
  3 goblins (D:3)
  3 hobgoblins
  2 jackals (D:7)
  3 kobolds (D:3)
  3 giant newts
  2 quokkas
  3 rats (D:3)
69 creatures vanquished.

Vanquished Creatures (collateral kills)
  An ogre (D:4)
  A sky beast (D:6)
  The ghost of 4thArraOfDagon the Conjurer, a weakling CeCj (D:4)
3 creatures vanquished.

Grand Total: 72 creatures vanquished

Notes
Turn   | Place    | Note
--------------------------------------------------------------
     0 | D:1      | 4thArraOfDagon the Ogre Chaos Knight began the quest for the Orb.
     0 | D:1      | Reached XP level 1. HP: 24/24 MP: 1/1
    69 | D:1      | XOM: harmless Erth miscast
    91 | D:1      | Reached XP level 2. HP: 25/32 MP: 2/2
    92 | D:1      | You fall through a shaft!
   139 | D:2      | XOM: enchant monster (bad)
   154 | D:2      | XOM: silly message
   186 | D:2      | Found a blossoming altar of Fedhas.
   191 | D:2      | Reached XP level 3. HP: 38/40 MP: 3/3
   262 | D:4      | XOM: noise
   262 | D:4      | Found Quleneis's Assorted Antiques.
   279 | D:4      | Noticed 4thArraOfDagon's ghost (weakling CeCj)
   309 | D:3      | Reached skill level 5 in Maces & Flails
   339 | D:3      | XOM: divination: detect items
   433 | D:3      | Reached XP level 4. HP: 22/49 MP: 4/4
   465 | D:3      | You fall through a shaft!
   494 | D:4      | Learned a level 3 spell: Conjure Flame
   522 | D:4      | Noticed a centaur
   522 | D:4      | an orc changed into a centaur
   531 | D:4      | Killed a centaur
   531 | D:4      | Reached skill level 1 in Spellcasting
   531 | D:4      | Reached skill level 1 in Conjurations
   531 | D:4      | Reached XP level 5. HP: 23/55 MP: 4/6
   541 | D:4      | XOM: enchant monster (good)
   600 | D:4      | Bought a scroll labeled MYCZAPI MAOL for 30 gold pieces
   600 | D:4      | Bought a glowing pink potion for 27 gold pieces
   604 | D:4      | Noticed an ogre
   633 | D:5      | Entered Level 5 of the Dungeon
   808 | D:5      | Gained mutation: You are agile. (Dex +2) [potion of mutation]
   808 | D:5      | Gained mutation: You are weak. (Str -2) [potion of mutation]
   808 | D:5      | Gained mutation: You have sharp toenails. [potion of mutation]
   925 | D:4      | cmon xom
   943 | D:4      | XOM: mild Hex miscast
   954 | D:4      | XOM: smoke on damage
   962 | D:4      | XOM: confusion
   968 | D:4      | XOM: enchant monster (good)
   982 | D:4      | XOM: divination: detect items
   984 | D:4      | XOM: divination: detect items
  1020 | D:4      | cmon
  1029 | D:4      | XOM: summons friendly white imp
  1031 | D:4      | XOM: divination: detect creatures
  1037 | D:4      | XOM: summons 5 friendly demons
  1046 | D:4      | Killed an ogre
  1046 | D:4      | Reached skill level 5 in Fighting
  1046 | D:4      | Reached skill level 1 in Fire Magic
  1046 | D:4      | Reached XP level 6. HP: 16/66 MP: 7/7
  1050 | D:4      | Killed 4thArraOfDagon's ghost
  1118 | D:4      | Found Zach's Antique Armour Shoppe.
  1165 | D:4      | XOM: harmless Pois miscast
  1172 | D:4      | Found a white marble altar of Elyvilon.
  1212 | D:4      | Found Voc Erog's Antique Armour Emporium.
  1217 | D:4      | Found a shadowy altar of Dithmenos.
  1244 | D:4      | Found Nul Ihonn's Weapon Boutique.
  1261 | D:4      | XOM: fake destruction
  1274 | D:3      | Found a glowing golden altar of the Shining One.
  1274 | D:3      | Found a burning altar of Makhleb.
  1366 | D:4      | Found Onoyr's Assorted Antiques.
  1369 | D:4      | Bought a scroll labeled QAXAKA MIADACS for 28 gold pieces
  1369 | D:4      | Bought a scroll labeled CISU FAUSYE for 28 gold pieces
  1575 | D:5      | XOM: god gift: onyx ring {god gift}
  1589 | D:5      | Noticed an orc warrior
  1639 | D:5      | HP: 2/66 [orc warrior/enchanted mace (15)]
  1640 | D:5      | Killed an orc warrior
  1640 | D:5      | Reached skill level 6 in Maces & Flails
  1771 | D:5      | XOM: harmless Air miscast
  1831 | D:6      | XOM: summons friendly white imp
  1839 | D:6      | XOM: confuse monster(s)
  1843 | D:6      | Reached XP level 7. HP: 22/72 MP: 10/10
  1880 | D:6      | Found a shattered altar of Ashenzari.
  2009 | D:7      | Noticed a hippogriff
  2010 | D:7      | XOM: snakes to sticks
  2022 | D:7      | Found a staircase to the Ecumenical Temple.
  2022 | D:7      | XOM: 1-stop teleportation journey
  2023 | D:7      | Noticed DEFE's ghost (experienced DgFE)
  2034 | D:7      | XOM: torment (25/72 hp)
  2035 | D:7      | XOM: noise
  2045 | D:7      | XOM: chaos cloud
  2049 | D:7      | Killed DEFE's ghost
  2049 | D:7      | Reached skill level 7 in Maces & Flails
  2049 | D:7      | Reached XP level 8. HP: 30/83 MP: 11/11
  2061 | D:7      | Found a deep blue altar of Sif Muna.
  2110 | D:7      | XOM: enchant monster (bad)
  2115 | D:7      | XOM: smoke on damage
  2126 | D:6      | Killed a hippogriff
  2358 | D:4      | Bought a glowing hat for 100 gold pieces
  2358 | D:4      | Bought an embroidered robe for 17 gold pieces
  2634 | D:8      | XOM: cast spell 'Stoneskin'
  2659 | D:8      | Reached skill level 8 in Maces & Flails
  2728 | D:8      | XOM: confuse monster(s)
  2745 | D:8      | XOM: mild Fire miscast
  2822 | D:9      | XOM: noise
  2822 | D:9      | XOM: enchant monster (bad)
  2875 | D:9      | Reached XP level 9. HP: 52/92 MP: 14/14
  2891 | D:9      | Noticed a troll
  2900 | D:9      | XOM: polymorph human -> two-headed ogre
  2912 | D:9      | XOM: enchant monster (bad)
  2918 | D:9      | Noticed an octopode
  2923 | D:9      | Mangled by an octopode (shapeshifter)

Vault maps used:
D:1:      dpeg_arrival_rooms_b, minmay_misc_feat_columns, glass_columns_c,
          minmay_misc_feat_plants, kennysheep_another_room
D:2:      nicolae_gozag_cash_rules_everything_around_me,
          lemuel_coloured_pillars_altar, first_bread, mrwooster_statue_mirror
D:3:      wad_river_or_something, nicolae_overflow_hidden_temple,
          grunt_decor_mini_mirrors
D:4:      grunt_dithmenos_smoke, lemuel_crystal_altar, serial_shops,
          kennysheep_mini_moat, nicolae_shop_temple_entry_statues_fountains,
          shop, shop, kennysheep_mini, feat_on_display
D:6:      lemuel_crystal_altar
D:7:      lemuel_doored_altar, temple_fountains, grunt_livestock,
          uniq_prince_ribbit1
D:9:      lemuel_round_altar, okawaru_humans

Action                   |  1- 3 |  4- 6 |  7- 9 || total
-------------------------+-------+-------+-------++-------
Melee: Mace              |    69 |    93 |    95 ||   257
       Giant spiked club |       |       |     9 ||     9
 Cast: Conjure Flame     |       |       |     1 ||     1
Evoke: Wand              |       |     2 |    12 ||    14
  Use: Scroll            |     1 |     8 |    10 ||    19
       Potion            |       |     5 |     4 ||     9
 Stab: Petrifying        |       |     2 |       ||     2
       Paralysed         |       |    12 |     6 ||    18
       Confused          |       |       |     1 ||     1
  Eat: Bread ration      |       |     1 |       ||     1
       Chunk             |       |       |     2 ||     2
       Beef jerky        |       |       |     1 ||     1
